 Dungeon Crawl Stone Soup version 0.21-a0-404-g291f19a (webtiles) character file.

407 sagitran the Slasher (level 6, 0/46 HPs)
             Began as a Demonspawn Gladiator on Oct 28, 2017.
             Slain by Duvessa
             ... wielding a +0 rapier
              (13 damage)
             ... on level 4 of the Dungeon.
             The game lasted 00:21:27 (4356 turns).

sagitran the Slasher (Demonspawn Gladiator)         Turns: 4356, Time: 00:21:27

Health: 0/46       AC:  5    Str: 16 (17) XL:     6   Next: 57%
Magic:  6/6        EV: 12    Int:  6 (9)  God:
Gold:   138        SH:  5    Dex: 12 (14) Spells: 5/5 levels left

rFire    . . .     SeeInvis .   a - +0 long sword
rCold    + . .     Gourm    .   o - +2 buckler
rNeg     . . .     Faith    .   b - +0 leather armour
rPois    .         Spirit   .   c - +1 helmet
rElec    .         Reflect  .   (no cloak)
rCorr    .         Harm     .   (no gloves)
MR       .....                  (no boots)
Stlth    ++........             (no amulet)
HPRegen  0.15/turn              u - +3 ring of intelligence
MPRegen  0.10/turn              v - -3 ring of intelligence (curse)

@: no status effects
A: claws 2, cold resistance 1
a: no special abilities


You were on level 4 of the Dungeon.
You were not hungry.

You visited 1 branch of the dungeon, and saw 4 of its levels.

You collected 138 gold pieces.

Inventory:

Hand Weapons
 a - a +0 long sword (weapon)
 l - a +2 hunting sling of velocity
Missiles
 m - 97 stones (quivered)
Armour
 b - a +0 leather armour (worn)
 c - a +1 helmet (worn)
 g - a +0 ring mail
 o - a +2 buckler (worn)
Jewellery
 u - a +3 ring of intelligence (left claw)
 v - a cursed -3 ring of intelligence (right claw)
Wands
 q - a wand of iceblast (9/15)
 t - a wand of confusion (32/48)
 x - a wand of scattershot (3/9)
Scrolls
 h - 2 scrolls of amnesia
 i - 2 scrolls of teleportation
 k - a scroll of enchant armour
 p - 2 scrolls of recharging
Potions
 e - a potion of magic
Comestibles
 f - 3 bread rations
 j - 3 meat rations
 r - 2 fruits
 z - a chunk of flesh


   Skills:
 + Level 2.9 Fighting
 + Level 4.8 Long Blades
 + Level 1.6(2.1) Slings
 + Level 1.9(2.2) Throwing
 + Level 1.4 Armour
 + Level 3.2 Dodging
 + Level 1.7 Stealth
 * Level 1.6 Unarmed Combat


You had 5 spell levels left.
You didn't know any spells.

Dungeon Overview and Level Annotations

Branches:
Dungeon (4/15)
 Temple: D:4-7

Altars:
Trog
The Shining One

Annotations:
D:4 Crazy Yiuf, Dowan, Duvessa


Innate Abilities, Weirdness & Mutations

You have very sharp fingernails.
Your flesh is cold resistant. (rC+)


Message History

The puff of flame hits you!
* * * LOW HITPOINT WARNING * * *
You block Duvessa's attack.
You feel agile all of a sudden. You block Dowan's attack. Duvessa misses you.
Dowan misses you.
You riposte.
You hit Dowan.
Dowan is almost dead.
Wield which item (- for none, * to show all)? (? for menu, Esc to quit)
Okay, then.
Quiver which item? (- for none, * to show all) (? for menu, Esc to quit)
Okay, then.
It was a potion of cancellation.
Your magical effects are unravelling.
You feel magically purged.
You feel a little less agile now.
It was a potion of degeneration.
There was something very wrong with that liquid.
You feel weakened.
You feel dopey.
You feel clumsy. Duvessa hits you with a rapier!
You die...

#.....####################)...
####..#### ##### ...)..####
#... ....e....#### #.##
.####..e..(.# #.#.
..........#(# #.#.
......###.#(# #.#. ......#
#.#.##################.#.
......#
#.#....e@...........##.#.
......#
#.###..e)...#######.##...
......# #.#
#.......).....#.#####
#########.#
#(......#####.#......
#....###......(# ###.#######
#......#.......# #........(.
#......######.## #...######(
###....# #.# #...# #.
#....######.# #...# #)


You could see Duvessa and Dowan.

Vanquished Creatures
  A centaur (D:4)
  A scorpion (D:4)
  An orc priest (D:4)
  Natasha (D:2)
  An iguana (D:4)
  6 gnolls
  6 adders
  2 oozes
  A worm (D:4)
  3 dart slugs
  3 leopard geckos (D:2)
  5 orcs
  7 giant cockroaches
  5 goblins
  6 hobgoblins
  2 jackals (D:2)
  2 quokkas
  6 bats
  4 frilled lizards
  3 kobolds
  9 rats
75 creatures vanquished.

Vanquished Creatures (others)
  2 fungi (D:4)
2 creatures vanquished.

Grand Total: 77 creatures vanquished

Notes
Turn   | Place    | Note
-------+----------+-------------------------------------------
     0 | D:1      | sagitran the Demonspawn Gladiator began the quest for the Orb.
     0 | D:1      | Reached XP level 1. HP: 16/16 MP: 1/1
   160 | D:1      | Reached skill level 3 in Long Blades
   458 | D:1      | Gained mutation: You have sharp fingernails. [demonic ancestry]
   458 | D:1      | Reached XP level 2. HP: 19/22 MP: 2/2
   745 | D:2      | Found a glowing golden altar of the Shining One.
  1043 | D:2      | Reached XP level 3. HP: 23/27 MP: 3/3
  1245 | D:2      | Noticed Natasha
  1255 | D:2      | Killed Natasha
  1255 | D:2      | Reached skill level 1 in Stealth
  1255 | D:2      | Gained mutation: You have very sharp fingernails. [demonic ancestry]
  1255 | D:2      | Reached XP level 4. HP: 25/33 MP: 4/4
  1519 | D:2      | Reached skill level 4 in Long Blades
  2221 | D:3      | Reached XP level 5. HP: 12/39 MP: 5/5
  2684 | D:3      | Reached skill level 1 in Armour
  3378 | D:4      | Noticed a centaur
  3389 | D:4      | Killed a centaur
  3389 | D:4      | Reached skill level 1 in Slings
  3389 | D:4      | Reached skill level 1 in Unarmed Combat
  3389 | D:4      | Gained mutation: Your flesh is cold resistant. (rC+) [demonic ancestry]
  3389 | D:4      | Reached XP level 6. HP: 27/46 MP: 6/6
  3692 | D:4      | Found a bloodstained altar of Trog.
  3732 | D:4      | Found a runed door.
  3737 | D:4      | Noticed Crazy Yiuf
  3737 | D:4      | Noticed Duvessa
  3737 | D:4      | Noticed Dowan
  4356 | D:4      | Slain by Duvessa

Vault maps used:
D:1:      minmay_arrival_four_loops
D:2:      overflow_temple_1_default, minivault_25, uniq_natasha
D:3:      first_bread
D:4:      lemuel_coloured_pillars_altar, nicolae_underground_beach,
          uniq_crazy_yiuf_cottage, uniq_duvessa

Skill      XL: |  1  2  3  4  5 |
---------------+----------------+-----
Long Blades    | 3 4 |  4.8
Stealth        | 1 |  1.7
Dodging        | 3 |  3.2
Armour         | 1 |  1.4
Slings         | 1 |  1.6
Unarmed Combat | 1 |  1.6
Fighting       | |  2.9
Throwing       | |  1.9

Action                   |  1- 3 |  4- 6 || total
-------------------------+-------+-------++-------
Melee: Long sword        |    63 |   126 ||   189
       Punch             |       |     1 ||     1
 Fire: Hunting sling     |       |    36 ||    36
Throw: Throwing net      |     2 |     2 ||     4
       Javelin           |       |     4 ||     4
Evoke: Wand              |       |     2 ||     2
  Use: Scroll            |       |     8 ||     8
       Potion            |       |     4 ||     4
 Stab: Sleeping          |     2 |     3 ||     5
       Held in net/web   |       |     1 ||     1
  Eat: Chunk             |     1 |     8 ||     9
       Fruit             |       |     2 ||     2
Armor: Leather armour    |    16 |    41 ||    57
Dodge: Dodged            |    36 |   131 ||   167
Block: Buckler           |       |    14 ||    14
       Rpst.: Long sword |     8 |    37 ||    45

Table legend:
 A = Spawn XP
 B = Non-spawn XP
 C = Spawn XP percentage of total XP
 D = Spawn monster count
 E = Non-spawn monster count
 F = Spawn count percentage of total count
 G = Total turns spent on level
                    A         B        C        D         E        F      G
               +---------+---------+-------+---------+---------+-------+---------
         Total |       0 |     582 |   0.0 |       0 |      75 |   0.0 |  4356
               +---------+---------+-------+---------+---------+-------+---------
           D:1 |       0 |      19 |   0.0 |       0 |      10 |   0.0 |   739
           D:2 |       0 |     137 |   0.0 |       0 |      23 |   0.0 |  1088
           D:3 |       0 |      88 |   0.0 |       0 |      26 |   0.0 |  1267
           D:4 |       0 |     338 |   0.0 |       0 |      16 |   0.0 |  1262
               +---------+---------+-------+---------+---------+-------+---------
